 Dungeon Crawl Stone Soup version 0.29-a0-575-g0dc89cf053 (webtiles) character file.

Game seed: 6628887541055392401

121 Zonian the Chiller (level 5, -6/24 HPs)
             Began as a Vine Stalker Ice Elementalist on June 13, 2022.
             Was a Follower of Okawaru.
             Killed by divine providence
             ... invoked by an orc priest
              (12 damage)
             ... on level 4 of the Dungeon.
             The game lasted 00:05:57 (3907 turns).

Zonian the Chiller (Vine Stalker Ice Elementalist)  Turns: 3907, Time: 00:05:57

Health: -6/24      AC:  3    Str: 11    XL:     5   Next: 5%
Magic:  0/10       EV: 16    Int: 15    God:    Okawaru [*.....]
Gold:   198        SH:  0    Dex: 16    Spells: 9/10 levels left

rFire   . . .      SeeInvis .   n - +1 dagger (vamp)
rCold   . . .      Faith    .   (no shield)
rNeg    . . .      Spirit   +   a - +0 robe
rPois   .          Reflect  .   (no helmet)
rElec   .          Harm     .   v - +0 cloak
rCorr   .          Rampage  .   (no gloves)
Will    .....                   (no boots)
Stlth   ++++......              (no amulet)
HPRegen 0.88/turn               (no ring)
MPRegen 0.12/turn               (no ring)

@: heroic
A: fangs 2, regeneration 1, magic shield, antimagic bite, no potion heal 2
a: Renounce Religion, Heroism


You were on level 4 of the Dungeon.
You worshipped Okawaru.
Okawaru was aware of your devotion.
You visited 1 branch of the dungeon, and saw 4 of its levels.

You collected 198 gold pieces.

Inventory:

Hand Weapons
 g - a +0 dagger
 n - a +1 vampiric dagger (weapon)
Armour
 a - a +0 robe (worn)
 l - a +0 buckler
 v - a +0 cloak (worn)
Jewellery
 p - a ring of protection from cold
Scrolls
 e - 2 scrolls of fear {unknown}
 f - a scroll of teleportation {unknown}
 h - 2 scrolls of brand weapon {unknown}
 i - a scroll of immolation {unknown}
 j - 2 scrolls of amnesia {unknown}
 k - 5 scrolls of identify {unknown}
 m - a scroll of magic mapping {unknown}
 o - a scroll of blinking {unknown}
 r - a scroll of noise {unknown}
 w - a scroll of poison {unknown}
Potions
 b - 2 potions of magic
 c - 2 potions of might {unknown}
 d - 2 potions of attraction {unknown}
 q - a potion of curing {unknown}
 s - a potion of mutation {unknown}
 t - a potion of heal wounds {unknown}
 u - a potion of haste {unknown}


   Skills:
 + Level 2.3(7.3) Dodging
 + Level 3.6(8.6) Stealth
 + Level 1.7(6.7) Unarmed Combat
 + Level 3.0 Spellcasting
 + Level 4.5 Ice Magic


You had 9 spell levels left.
You knew the following spells:

 Your Spells              Type           Power      Damage    Failure   Level
a - Freeze                Ice            60%        1d8       3%          1

Your spell library contained the following spells:

 Spells                   Type           Power      Damage    Failure   Level
 Frozen Ramparts          Ice            30%        1d5       10%         3
 Ozocubu's Armour         Ice            15%        N/A       10%         3
 Hailstorm                Conj/Ice       9%         3d4       61%         4
 Olgreb's Toxic Radiance  Pois           2%         N/A       89%         4
 Ozocubu's Refrigeration  Ice            7%         4d6       100%        7
 Ignition                 Fire           1%         3d3       100%        8


Dungeon Overview and Level Annotations

Branches:
Dungeon (4/15)             Temple (0/1) D:4

Altars:
Okawaru
Ru
Trog


Innate Abilities, Weirdness & Mutations

You have extremely sharp teeth.
Your natural rate of healing is unusually fast.
When hurt, damage is shared between your health and your magic reserves.
Your bite disrupts and absorbs the magic of your enemies.
Potions cannot restore your health.


Message History

You have reached level 5!
You hit the orc priest but do no damage.
You bite the orc priest, but do no damage.
The orc priest is moderately wounded.
The orc priest hits you with a +0 dagger.
* * * LOW HITPOINT WARNING * * *
The orc barely misses you. The orc misses you.
Unknown command.
You gain the combat prowess of a mighty hero.
The orc priest barely misses you. The orc hits you but does no damage.
The orc completely misses you.
You hit the orc priest but do no damage.
The orc priest is moderately wounded.
Unknown command.
You hit the orc priest but do no damage.
Your bite misses the orc priest.
The orc priest is moderately wounded.
The orc priest hits you with a +0 dagger.
The orc barely misses you. x2
Unknown command.
You barely miss the orc priest.
The orc priest is moderately wounded.
The orc priest closely misses you. The orc misses you.
The orc hits you with a +0 club.
* * * LOW HITPOINT WARNING * * *
Unknown command.
You hit the orc priest but do no damage.
The orc priest is moderately wounded.
The orc priest completely misses you. The orc closely misses you.
The orc hits you with a +0 club.
* * * LOW HITPOINT WARNING * * *
Unknown command.
You hit the orc priest.
You feel better.
Your bite misses the orc priest.
The orc priest is heavily wounded.
You hit the orc priest. Your bite misses the orc priest.
The orc priest is severely wounded.
The orc priest calls down the wrath of Beogh upon you.
Beogh smites you!
Ouch! That really hurt!
You die...

#.# #.#
#####.###
#.......##
#.#####..#
##.## #..#
##.#
####.#######.#
......o@o....#
..#.#.#o#.#..#
...........#
#.......#.##
...........#
#.#...>...#.#
#...........#
.#.......#.#
.........


You could see an orc priest and 2 orcs.

Vanquished Creatures
  A hound (D:4)
  3 adders
  An orc (D:3)
  10 ball pythons
  2 bats (D:1)
  6 endoplasms
  4 giant cockroaches (D:1)
  8 goblins
  7 hobgoblins
  A jackal (D:3)
  7 kobolds
  A quokka (D:2)
  3 frilled lizards
  3 rats (D:1)
57 creatures vanquished.

Notes
Turn   | Place    | Note
-------+----------+-------------------------------------------
     0 | D:1      | Zonian the Vine Stalker Ice Elementalist began the quest
                  | for the Orb.
     0 | D:1      | Reached XP level 1. HP: 9/9 MP: 4/4
   179 | D:1      | Found a faded altar of an unknown god.
   183 | D:1      | Prayed at the altar of an unknown god.
   183 | D:1      | Became a worshipper of Warmaster Okawaru
   183 | D:1      | Reached * piety under Okawaru
   401 | D:1      | Reached XP level 2. HP: 13/13 MP: 4/6
   954 | D:1      | Reached XP level 3. HP: 16/16 MP: 7/7
  1212 | D:1      | Reached skill level 1 in Unarmed Combat
  3142 | D:3      | Found a sacrificial altar of Ru.
  3154 | D:3      | Gained mutation: Your natural rate of healing is unusually
                  | fast. [Vine Stalker growth]
  3154 | D:3      | Reached XP level 4. HP: 18/21 MP: 7/9
  3475 | D:3      | Found a bloodstained altar of Trog.
  3876 | D:4      | Found a staircase to the Ecumenical Temple.
  3900 | D:4      | Reached XP level 5. HP: 11/24 MP: 2/10
  3907 | D:4      | Killed from afar by an orc priest

Illustrated notes

Levels and vault maps discovered:
D:1:      lightli_arrival_quake, layout_basic, nicolae_ecumenical_lake_church
D:2:      layout_loops_ring
D:3:      wad_river_or_something, layout_basic, bloody_trog,
          hangedman_ru_absence
D:4:      layout_loops_ring, minmay_temple_entry_glass, uniq_pikel

Skill      XL: |  1  2  3  4 |
---------------+-------------+-----
Unarmed Combat | 1 |  1.7
Stealth        | 3 |  3.6
Dodging        | 2 |  2.3
Spellcasting   | 3 |  3.0
Ice Magic      | |  4.5

Action                   |  1- 3 |  4- 6 || total
-------------------------+-------+-------++-------
Melee: Unarmed           |   111 |       ||   111
       Bite              |    32 |    11 ||    43
       Punch             |     4 |     1 ||     5
       Dagger            |    27 |    59 ||    86
 Cast: Freeze            |       |     1 ||     1
Invok: Heroism           |       |     1 ||     1
 Stab: Sleeping          |    14 |     5 ||    19
Armor: Robe              |    17 |    10 ||    27
Dodge: Dodged            |    79 |    56 ||   135
Block: Buckler           |     1 |       ||     1

Table legend: (Time is in decaauts)
 A = Elapsed time spent in this place.
 B = Non-inter-level travel time spent in this place.
 C = Inter-level travel time spent in this place.
 D = Time resting spent in this place.
 E = Time spent auto-exploring this place.
 F = Levels seen in this place.
 G = Mean time per level.
                   A        B        C        D        E       F      G
               +--------+--------+--------+--------+--------+-----+--------+
         Total |   3908 |   3858 |     50 |    347 |   2879 |   4 |  977.0 |
       Dungeon |   3908 |   3858 |     50 |    347 |   2879 |   4 |  977.0 |
               +--------+--------+--------+--------+--------+-----+--------+

Top non-repeatable levels by time:
     D:1: 2024 daAuts
     D:2: 953 daAuts
     D:3: 814 daAuts
     D:4: 115 daAuts
